 Dungeon Crawl Stone Soup version 0.30.1-9-gdf580d7c3d (webtiles) character file.

Game seed: 17726381394812482582

53 tizbic2 the Conjurer (level 3, 0/23 (24) HPs)
             Began as an Octopode Reaver on Sept 28, 2023.
             Killed by miscasting Vampiric Draining (11 damage)
             ... on level 1 of the Dungeon.
             The game lasted 00:04:23 (1122 turns).

tizbic2 the Conjurer (Octopode Reaver)              Turns: 1122, Time: 00:04:27

HP:   0/23 (24)     AC:  1    Str: 13    XL:     3   Next: 87%
MP:   3/6           EV: 13    Int: 15    God:
Gold: 141           SH:  0    Dex: 10    Spells: 0/6 levels left

rFire   . . .        d - staff of conjuration
rCold   . . .        (no shield)
rNeg    . . .        (helmet restricted)
rPois   .            (no amulet)
rElec   .            (no ring)
rCorr   .            (no ring)
SInv    .            (no ring)
Will    .....        (no ring)
Stlth   ++           (no ring)
HPRegen 0.23/turn    (no ring)
MPRegen 0.10/turn    (no ring)
                     (no ring)

%: no passive effects
@: very slightly contaminated, lightly drained
A: almost no armour, amphibious, 8 rings, camouflage 1, gelatinous body 1,
(nimble swimmer 1), tentacles
a: no special abilities


You were on level 1 of the Dungeon.
You visited 1 branch of the dungeon, and saw 2 of its levels.

You collected 141 gold pieces.

Inventory:

Missiles
 a - 5 poisoned darts
Armour
 i - an orb of mayhem
Magical Staves
 d - a staff of conjuration (weapon)
Scrolls
 b - 2 scrolls of amnesia {unknown}
 f - a scroll of enchant weapon
 g - a scroll of magic mapping {unknown}
Potions
 c - a potion of mutation {unknown}
 e - a potion of resistance {unknown}
 h - 3 potions of curing {unknown}
 j - a potion of invisibility {unknown}


   Skills:
 + Level 2.3 Fighting
 * Level 1.3 Staves
 + Level 2.3 Dodging
 - Level 3.1 Unarmed Combat
 + Level 2.2 Spellcasting
 * Level 3.3 Conjurations
 + Level 0.0 Necromancy
 * Level 1.1 Evocations


You couldn't memorise any spells.
You knew the following spells:

 Your Spells              Type           Power      Damage    Failure   Level
a - Kiss of Death         Conj/Necr      40%        2d8       11%         1
b - Momentum Strike       Conj/Tloc      20%        3d8       17%         2
c - Vampiric Draining     Necr           1%         2d6       54%         3

Your spell library contained the following spells:

 Spells                   Type           Power      Damage    Failure   Level
 Slow                     Hex            4%         N/A       22%         1
 Hailstorm                Conj/Ice       10%        3d5       32%         3
 Confusing Touch          Hex            1%         N/A       54%         3


Dungeon Overview and Level Annotations

Branches:
Dungeon (2/15)

Altars:


Innate Abilities, Weirdness & Mutations

You cannot wear most types of armour.
You are amphibious.
You can wear up to eight rings at the same time.
Your skin changes colour to match your surroundings (Stealth+).
Your rubbery body absorbs attacks. (AC +1, EV +1)
((You are camouflaged when in or above water. (Stealth+)))
You have tentacles for arms and can constrict up to eight enemies at once.


Message History

The hobgoblin barely misses you.
You barely miss the hobgoblin. Your grab misses the hobgoblin.
Your squeeze misses the hobgoblin.
The hobgoblin is severely wounded.
The hobgoblin hits you but does no damage.
You closely miss the hobgoblin. You grab the hobgoblin.
You squeeze the hobgoblin.
You kill the hobgoblin!
This spell is astonishingly dangerous to cast!
Memorise Vampiric Draining, consuming 3 spell levels and leaving 0?
You start memorising the spell.
You continue memorising. x3
You finish memorising.
Spell assigned to 'c'.
A gnoll comes into view. It is wielding a +0 spear.
You see here a murky orange potion.
j - a murky orange potion A gnoll comes into view.
It is wielding a +0 club.
The gnoll shouts! x2
The gnoll shouts!
The gnoll completely misses you.
There is a stone staircase leading up here.
The gnoll hits you from afar with a +0 spear.
A frilled lizard comes into view.
The frilled lizard hisses angrily.
The gnoll closely misses you.
A hobgoblin comes into view.
There is a stone staircase leading up here.
The gnoll barely misses you.
The gnoll hits you from afar with a +0 spear!
You climb upwards.
There is a stone staircase leading down here.
Casting: Momentum Strike (safe; 17% risk of failure)
Confirm with . or Enter, or press ? or * to list all spells.
The spell is astonishingly dangerous to miscast (54% risk of failure)!
Continue anyway?
Aiming: Vampiric Draining (astonishingly dangerous; 54% risk of failure)
Press: ? - help, Shift-Dir - straight line, f - gnoll
Aim: a gnoll, wielding a +0 club You miscast Vampiric Draining.
You are very lightly contaminated with residual magic.
Your flesh rots away!
You feel drained.
You die...

......#.# #......#
......#.# ##.##'##
.######.##### #.##.#
.#...##.....# #.##.#
.#.⌠.######.####.##.#
.#...## #......##.#
.###### ###.......#
####### #..g...##
#...@..# #......#
#......# #......#
#......# ########


You could see a gnoll.

Vanquished Creatures
  A gnoll (D:2)
  An adder (D:2)
  A worm (D:2)
  4 bats
  An endoplasm (D:2)
  4 giant cockroaches
  2 goblins
  5 hobgoblins
  3 ball pythons (D:1)
  3 kobolds
  4 rats
29 creatures vanquished.

Vanquished Creatures (others)
  A bat (D:2)
1 creature vanquished.

Grand Total: 30 creatures vanquished

Notes
Turn   | Place    | Note
-------+----------+-------------------------------------------
     0 | D:1      | tizbic2 the Octopode Reaver began the quest for the Orb.
     0 | D:1      | Reached XP level 1. HP: 14/14 MP: 3/3
   243 | D:1      | You fall into a shaft and drop 1 floor!
   300 | D:1      | Reached XP level 2. HP: 19/19 MP: 5/5
   856 | D:2      | Reached skill level 1 in Evocations
   856 | D:2      | Reached XP level 3. HP: 20/22 MP: 4/6
   895 | D:2      | Reached skill level 1 in Staves
   899 | D:2      | Learned a level 2 spell: Momentum Strike
  1102 | D:2      | Learned a level 3 spell: Vampiric Draining
  1122 | D:1      | Killed by miscasting Vampiric Draining

Illustrated notes

Levels and vault maps discovered:
D:1:      minmay_arrival_glassed_features, layout_basic
D:2:      minmay_chambers_of_ones, layout_basic, serial_glass, glass_columns_a,
          glass_columns_a, glass_columns_a, glass_columns_b

Skill      XL: |  1  2  3 |
---------------+----------+-----
Evocations     | 1 |  1.1
Staves         | 1 |  1.3
Fighting       | |  2.3
Dodging        | |  2.3
Unarmed Combat | |  3.1
Spellcasting   | |  2.2
Conjurations   | |  3.3

Action                     || total
---------------------------++-------
  Melee: Unarmed           ||    13
         Staff             ||    52
         Constrict         ||    17
         Tentacles         ||    15
         Punch             ||     4
   Cast: Kiss of Death     ||     1
         Momentum Strike   ||     1
    Use: Scroll            ||     3
   Stab: Sleeping          ||     8
 Armour: Skin              ||     8
  Dodge: Dodged            ||    46
